 Dungeon Crawl Stone Soup version 0.22.1-1-ga44c0e5 (webtiles) character file.

13355 Lavandula the Cleaver (level 11, -5/92 HPs)
             Began as a Centaur Berserker on Nov 6, 2018.
             Was a High Priest of Trog.
             Slain by a troll (7 damage)
             ... on level 11 of the Dungeon.
             The game lasted 00:38:45 (5676 turns).

Lavandula the Cleaver (Centaur Berserker)           Turns: 5676, Time: 00:38:46

Health: -5/92      AC: 10    Str: 22    XL:     11   Next: 74%
Magic:  11/11      EV: 11    Int:  6    God:    Trog [*****.]
Gold:   363        SH:  0    Dex: 12    Spells: 10/10 levels left

rFire    x . .     SeeInvis +   C - +0 war axe
rCold    + + .     Gourm    .   (no shield)
rNeg     . . .     Faith    .   K - +0 troll leather armour
rPois    .         Spirit   .   E - +1 hat of Bufel {+Fly rF- rC++ SInv}
rElec    .         Reflect  .   (no cloak)
rCorr    .         Harm     .   J - +2 pair of gloves
MR       ++...                  (no barding)
Stlth    +.........             (no amulet)
HPRegen  1.65/turn              (no ring)
MPRegen  0.12/turn              (no ring)

@: berserk cooldown, regenerating, slowed, drained
A: large, hooves 3, thin skeletal structure 1, deformed body, speed 2, mutation
resistance 1, tough skin 3
a: Berserk, Trog's Hand, Brothers in Arms, Renounce Religion, Evoke Flight


You were on level 11 of the Dungeon.
You worshipped Trog.
Trog was extremely pleased with you.
You were not hungry.

You visited 3 branches of the dungeon, and saw 14 of its levels.
You also visited: Sewer.

You collected 363 gold pieces.

Inventory:

Hand Weapons
 a - a +0 hand axe
 s - a +0 spear of venom
 C - a +0 war axe (weapon)
Missiles
 t - 3 throwing nets (quivered)
Armour
 b - a +0 animal skin
 h - a +0 ring mail
 r - a +0 helmet
 x - a +0 robe of positive energy
 z - a +1 chain mail of fire resistance
 A - a +2 robe of magic resistance
 E - the +1 hat of Bufel (worn) {+Fly rF- rC++ SInv}
   (You found it on level 7 of the Dungeon)

   It makes you vulnerable to fire.
   It greatly protects you from cold.
   It lets you see invisible.
   It lets you fly.
 J - a +2 pair of gloves (worn)
 K - a +0 troll leather armour (worn)
Jewellery
 F - an uncursed ring of ice
Wands
 n - a wand of random effects (35)
 w - a wand of polymorph (2)
Scrolls
 e - a scroll of immolation
 f - 2 scrolls of enchant weapon
 i - 3 scrolls of remove curse
 j - 2 scrolls of amnesia {unknown}
 l - 5 scrolls of teleportation {unknown}
 v - a scroll of random uselessness
 B - a scroll of magic mapping {unknown}
 H - 3 scrolls of vulnerability
Potions
 g - a potion of agility
 k - a potion of might {unknown}
 m - a potion of ambrosia {unknown}
 o - a potion of mutation
 p - 3 potions of flight
 q - a potion of heal wounds {unknown}
 u - a potion of resistance {unknown}
 G - a potion of brilliance {unknown}
 I - a potion of invisibility {unknown}
Comestibles
 c - 16 rations
 D - 8 chunks of flesh


   Skills:
 - Level 7.5(7.3) Fighting
 + Level 14.2(13.9) Axes
 - Level 4.7(4.5) Armour
 - Level 4.2(4.0) Dodging


You had 10 spell levels left.
You didn't know any spells.
Your spell library contained the following spells:

 Spells                   Type           Power        Failure   Level  Hunger
 Animate Skeleton         Necr           N/A          50%         1    ##.....
 Apportation              Tloc           #.....       50%         1    ##.....
 Confusing Touch          Hex            #.....       50%         1    ##.....
 Corona                   Hex            #......      50%         1    ##.....
 Summon Small Mammal      Summ           #...         50%         1    ##.....
 Ensorcelled Hibernation  Hex/Ice        #.....       65%         2    ###....
 Confuse                  Hex            #.......     86%         3    ####...
 Dazzling Spray           Conj/Hex       #.....       86%         3    ####...
 Tukima's Dance           Hex            #.......     86%         3    ####...


Dungeon Overview and Level Annotations

Branches:
Dungeon (12/15)              Lair (1/6) D:9             Orc (1/2) D:11
 Temple: D:4-7

Altars:
Elyvilon
Sif Muna
Wu Jian
Xom
Beogh

Shops:
D:8 :

Annotations:
D:7 hat!, jombi's ghost, novice TeCK
D:8 vault!
Orc:1 Snorg


Innate Abilities, Weirdness & Mutations

You have hooves in place of feet.
Armour fits poorly on your strangely shaped body.
You cover ground very quickly.
You have extremely tough skin. (AC +3)
You have a somewhat thin skeletal structure. (Dex +2, Stealth)
You are somewhat resistant to further mutation.


Message History

* * * LOW HITPOINT WARNING * * *
The troll claws you!
* * * LOW HITPOINT WARNING * * *
The troll closely misses you.
You feel better. The troll misses you. The troll barely misses you.
The troll claws you!
* * * LOW HITPOINT WARNING * * *
The troll bites you!
* * * LOW HITPOINT WARNING * * *
The troll claws you but does no damage. The troll closely misses you.
Unknown command.
You feel better. The troll closely misses you.
The troll claws you but does no damage. The troll claws you.
* * * LOW HITPOINT WARNING * * *
You closely miss the troll. Your kick misses the troll.
The troll is heavily wounded.
The troll barely misses you. The troll claws you.
* * * LOW HITPOINT WARNING * * *
The troll claws you!
You die...

.# #.......# ####.##### .#
#.......# #.# ## #####.###
#.# #.# #.# #.# #.# ##.#
#.# #..# #.# ##'#### ####
#.# ### #.....# #.@#
#####'## #.. #.....# #T##
#......####..
#.....###.#####......#.....
#.....'.......#......+.##..
#.....#######.'.....(# #..
#.....# ###......# #..
##+#### #####'## #.. ..#
#.# ##. #######'##### #.#
#.


You could see a troll.

Vanquished Creatures
  Harold (D:7)
  2 two-headed ogres
  An ugly thing (D:11)
  Pikel (D:6)
  A cyclops (D:10)
  Psyche (D:9)
  A centaur skeleton (D:11)
  2 trolls (D:11)
  3 hippogriffs
  A meliai zombie (D:11)
  Sigmund (D:4)
  17 yaks
  2 wraiths
  A hungry ghost (D:11)
  A water moccasin (D:10)
  A necrophage (D:8)
  A sky beast (D:5)
  4 orc warriors
  An eye of draining (D:8)
  An ice beast (D:8)
  2 black bears
  6 ogres
  2 phantoms (D:9)
  4 centaurs
  4 big kobolds
  Blork the orc (D:4)
  5 bullfrogs
  A water moccasin zombie (D:8)
  3 scorpions
  22 killer bees
  4 howler monkeys
  3 crimson imps
  9 orc priests
  A bullfrog zombie (D:8)
  4 hounds
  2 jellies
  A gnoll shaman (D:8)
  14 orc wizards
  Ijyb (D:3)
  An iguana (D:11)
  Natasha (twice) (D:2)
  3 worker ants
  A worker ant zombie (D:6)
  A howler monkey skeleton (D:4)
  4 adders
  11 gnolls
  A river rat (Sewer)
  4 shadow imps
  An ooze (D:5)
  An adder skeleton (D:6)
  2 worms
  2 dart slugs (D:2)
  6 leopard geckos
  30 orcs
  3 bats
  2 giant cockroaches
  6 goblins
  5 hobgoblins
  4 jackals
  A quokka (D:8)
  A ball python (D:3)
  4 frilled lizards
  26 kobolds
  A leopard gecko zombie (D:7)
  11 rats
  2 fungi (D:9)
  3 plants
272 creatures vanquished.

Vanquished Creatures (others)
  5 fungi (D:9)
  2 plants (D:9)
7 creatures vanquished.

Grand Total: 279 creatures vanquished

Notes
Turn   | Place    | Note
-------+----------+-------------------------------------------
     0 | D:1      | Lavandula the Centaur Berserker began the quest for the
                  | Orb.
     0 | D:1      | Reached XP level 1. HP: 19/19 MP: 1/1
    14 | D:1      | Reached skill level 3 in Axes
    90 | D:1      | Reached XP level 2. HP: 13/26 MP: 2/2
   232 | D:2      | Noticed Natasha
   240 | D:2      | Reached XP level 3. HP: 29/31 MP: 3/3
   246 | D:2      | Killed Natasha
   246 | D:2      | Reached skill level 4 in Axes
   304 | D:2      | Noticed Natasha
   327 | D:2      | Killed Natasha
   327 | D:2      | Reached XP level 4. HP: 23/38 MP: 4/4
   465 | D:3      | Found a faded altar of an unknown god.
   536 | D:3      | Reached ** piety under Trog
   637 | D:3      | Noticed Ijyb
   638 | D:3      | Found a glowing drain.
   643 | D:3      | Killed Ijyb
   643 | D:3      | Reached skill level 5 in Axes
   659 | Sewer    | Entered a sewer
   679 | Sewer    | Reached XP level 5. HP: 10/45 MP: 5/5
   788 | Sewer    | Found a glowing silver altar of Zin.
   977 | D:4      | Reached skill level 6 in Axes
  1127 | D:4      | Noticed Sigmund
  1137 | D:4      | Killed Sigmund
  1137 | D:4      | Reached XP level 6. HP: 51/51 MP: 6/6
  1182 | D:4      | Noticed Blork the orc
  1190 | D:4      | Reached skill level 7 in Axes
  1192 | D:4      | Killed Blork the orc
  1192 | D:4      | Reached XP level 7. HP: 57/57 MP: 7/7
  1199 | D:5      | Entered Level 5 of the Dungeon
  1370 | D:5      | Reached skill level 8 in Axes
  1520 | D:5      | Found a shimmering altar of Xom.
  1544 | D:4      | Reached *** piety under Trog
  1699 | D:5      | Reached skill level 9 in Axes
  1699 | D:5      | Reached XP level 8. HP: 63/63 MP: 8/8
  2072 | D:6      | Noticed Duvessa
  2073 | D:6      | Noticed Dowan
  2075 | D:6      | Noticed Duvessa
  2075 | D:6      | Duvessa changed into Duvessa the centaur
  2082 | D:6      | Killed Duvessa the centaur
  2085 | D:6      | Noticed Dowan
  2085 | D:6      | Dowan changed into Dowan the howler monkey
  2089 | D:6      | Killed Dowan the howler monkey
  2188 | D:6      | Noticed Pikel
  2220 | D:6      | Killed Pikel
  2220 | D:6      | Reached skill level 10 in Axes
  2334 | D:7      | Reached **** piety under Trog
  2447 | D:7      | Reached skill level 11 in Axes
  2447 | D:7      | Reached XP level 9. HP: 69/69 MP: 9/9
  2510 | D:7      | Noticed Harold
  2522 | D:7      | Killed Harold
  2522 | D:7      | Reached skill level 12 in Axes
  2571 | D:7      | Gained mutation: You have a somewhat thin skeletal
                  | structure. (Dex +2, Stealth) [potion of mutation]
  2571 | D:7      | Gained mutation: You are somewhat resistant to further
                  | mutation. [potion of mutation]
  2609 | D:7      | Found a runed gate.
  2611 | D:7      | Found a runed gate.
  2612 | D:7      | Found a runed gate.
  2613 | D:7      | Noticed jombi's ghost (novice TeCK)
  2615 | D:7      | Found a roughly hewn altar of Beogh.
  2723 | D:8      | Found Laeg's Book Boutique.
  3493 | D:8      | Found a runed door.
  3493 | D:8      | Noticed a wolf spider
  3495 | D:8      | Noticed a centaur warrior
  3495 | D:8      | Noticed a centaur warrior
  3495 | D:8      | Noticed a harpy
  3495 | D:8      | Noticed a harpy
  3495 | D:8      | Noticed a fire crab
  3639 | D:7      | Reached XP level 10. HP: 63/77 MP: 10/10
  3653 | D:7      | Got a faintly glowing hat
  3735 | D:8      | Identified the +1 hat of Bufel {+Fly rF- rC++ SInv} (You
                  | found it on level 7 of the Dungeon)
  3921 | D:9      | Noticed a two-headed ogre
  3971 | D:9      | Killed a two-headed ogre
  3971 | D:9      | Reached skill level 5 in Fighting
  4011 | D:10     | Entered Level 10 of the Dungeon
  4312 | D:9      | Found an ornate altar of the Wu Jian Council.
  4312 | D:9      | Found a white marble altar of Elyvilon.
  4312 | D:9      | Found a deep blue altar of Sif Muna.
  4378 | D:9      | HP: 4/86 [killer bee (3)]
  4525 | D:9      | Reached ***** piety under Trog
  4567 | D:9      | Found a staircase to the Lair.
  4617 | Lair:1   | Entered Level 1 of the Lair of Beasts
  4645 | D:9      | Noticed Psyche
  4648 | D:9      | Reached XP level 11. HP: 15/92 MP: 11/11
  4684 | D:9      | Killed Psyche
  5039 | D:11     | Noticed a deep elf mage
  5166 | D:11     | Reached skill level 13 in Axes
  5308 | D:11     | Found a staircase to the Orcish Mines.
  5392 | D:11     | Noticed a white ugly thing
  5400 | D:11     | Killed a white ugly thing
  5535 | D:11     | Noticed a two-headed ogre
  5545 | D:11     | Killed a two-headed ogre
  5545 | D:11     | Reached skill level 14 in Axes
  5642 | Orc:1    | Entered Level 1 of the Orcish Mines
  5642 | Orc:1    | Noticed Snorg
  5648 | Orc:1    | Noticed an orc high priest
  5650 | Orc:1    | Noticed an orc sorcerer
  5674 | D:11     | HP: 2/92 [troll (14)]
  5676 | D:11     | Slain by a troll

Skill      XL: |  1  2  3  4  5  6  7  8  9 10 11 |
---------------+----------------------------------+-----
Axes           | 3 4 5 6 7 9 11 12 14 | 14.2
Dodging        | 4 |  4.2
Fighting       | 7 |  7.5
Armour         | 4 |  4.7

Action                   |  1- 3 |  4- 6 |  7- 9 | 10-12 || total
-------------------------+-------+-------+-------+-------++-------
Melee: Hand axe          |    46 |    80 |    23 |       ||   149
       Kick              |     7 |    21 |    58 |    90 ||   176
       Spear             |       |    13 |   335 |   134 ||   482
       War axe           |       |       |    12 |   222 ||   234
Invok: Berserk           |     3 |     6 |     8 |    13 ||    30
       Trog's Hand       |       |     1 |     4 |     9 ||    14
Evoke: Wand              |       |     3 |    17 |     2 ||    22
  Use: Scroll            |       |     1 |     9 |     5 ||    15
       Potion            |       |       |     1 |     6 ||     7
 Stab: Paralysed         |       |       |     2 |     1 ||     3
       Sleeping          |       |       |     1 |       ||     1
  Eat: Chunk             |       |     8 |    10 |    23 ||    41
       Ration            |       |       |     2 |       ||     2
Armor: Animal skin       |     4 |       |       |       ||     4
       Ring mail         |    11 |    27 |     6 |       ||    44
       Robe              |       |     2 |    47 |    12 ||    61
       Chain mail        |       |       |       |    88 ||    88
       Troll leather arm |       |       |       |    48 ||    48
Dodge: Dodged            |    17 |    50 |    69 |   169 ||   305
